 Dungeon Crawl Stone Soup version 0.28-a0-793-g31680bbd8b (webtiles) character file.

Game seed: 7574545907488294377

1999 Lemonice the Digger (level 9, -13/51 HPs)
             Began as an Octopode Earth Elementalist on Nov 5, 2021.
             Was an Initiate of Gozag.
             Mangled by Duvessa (20 damage)
             ... on level 6 of the Dungeon.
             The game lasted 00:19:42 (8705 turns).

Lemonice the Digger (Octopode Earth Elementalist)   Turns: 8705, Time: 00:19:42

Health: -13/51     AC:  1    Str: 12    XL:     9   Next: 21%
Magic:  2/15       EV: 14    Int: 18    God:    Gozag
Gold:   420        SH:  5    Dex: 12    Spells: 13/17 levels left

rFire   . . .      SeeInvis .   s - +8 whip "Tattletale" {vorpal, Str+2}
rCold   . . .      Faith    .   n - +0 buckler
rNeg    . . .      Spirit   .   (helmet restricted)
rPois   +          Reflect  .   e - amulet of the acrobat
rElec   .          Harm     .   z - ring of poison resistance
rCorr   .          Rampage  .   (no ring)
Will    .....                   (no ring)
Stlth   ++........              (no ring)
HPRegen 0.17/turn               (no ring)
MPRegen 0.14/turn               (no ring)
                                (no ring)
                                (no ring)

@: lit by a corona, gold aura, glowing
A: almost no armour, amphibious, 8 rings, camouflage 1, gelatinous body 1,
(nimble swimmer 1), tentacles
a: Renounce Religion, Potion Petition, Call Merchant, Bribe Branch


You were on level 6 of the Dungeon.
You worshipped Gozag.
Gozag was aware of your devotion.
You visited 2 branches of the dungeon, and saw 8 of its levels.

You collected 483 gold pieces.
You paid 63 gold pieces to Gozag.

Inventory:

Hand Weapons
 f - a +0 short sword
 s - the +8 whip "Tattletale" (weapon) {vorpal, Str+2}
   (You found it on level 5 of the Dungeon)

   It inflicts extra damage upon your enemies.
   Str:       It affects your strength (+2).
 t - a +2 dagger of protection
Missiles
 a - 46 sling bullets
 b - 179 stones
 k - a boomerang of dispersal
Armour
 n - a +0 buckler (worn)
Jewellery
 e - an amulet of the acrobat (around mantle)
 z - a ring of poison resistance (left tentacle)
Wands
 v - a wand of digging (6)
 B - a wand of charming (6)
Scrolls
 d - 2 scrolls of teleportation
 i - a scroll of vulnerability {unknown}
 j - 2 scrolls of summoning {unknown}
 l - a scroll of fog {unknown}
 m - 2 scrolls of immolation {unknown}
 o - 3 scrolls of identify {unknown}
 p - a scroll of noise {unknown}
 q - a scroll of blinking {unknown}
 r - a scroll of enchant armour {unknown}
 u - a scroll of magic mapping {unknown}
 y - a scroll of amnesia {unknown}
 A - a scroll of fear {unknown}
 E - a scroll of acquirement {unknown}
Potions
 c - a potion of invisibility {unknown}
 g - a potion of heal wounds {unknown}
 h - a potion of flight {unknown}
 w - a potion of lignification
 C - a potion of curing
 D - a potion of ambrosia
Miscellaneous
 x - a piece from Xom's chessboard (15/15)


   Skills:
 * Level 2.6 Maces & Flails
 + Level 4.7 Dodging
 + Level 6.8 Stealth
 - Level 5.3 Shields
 + Level 4.5 Spellcasting
 * Level 0.3 Conjurations
 - Level 1.0 Transmutations
 * Level 6.9 Earth Magic


You had 13 spell levels left.
You knew the following spells:

 Your Spells              Type           Power      Damage    Failure   Level
a - Sandblast             Erth           58%        2d13      1%          1
b - Stone Arrow           Conj/Erth      34%        3d9       10%         3

Your spell library contained the following spells:

 Spells                   Type           Power      Damage    Failure   Level
 Passwall                 Tmut/Erth      15%        N/A       4%          2
 Summon Small Mammal      Summ           16%        N/A       14%         1
 Petrify                  Tmut/Erth      18%        N/A       26%         4
 Call Canine Familiar     Summ           4%         N/A       38%         3
 Summon Guardian Golem    Hex/Summ       4%         N/A       38%         3
 Iskenderun's Battlesphe  Conj           5%         2d6       97%         5
 Iron Shot                Conj/Erth      8%         9d3       99%         6
 Spellforged Servitor     Conj/Summ      2%         N/A       100%        7


Dungeon Overview and Level Annotations

Branches:
Dungeon (7/15)             Temple (1/1) D:5

Altars:
Cheibriados
Dithmenos
Elyvilon
Fedhas
Gozag
Hepliaklqana
Kikubaaqudgha
Makhleb
Nemelex Xobeh
Okawaru
Qazlal
Ru
Sif Muna
Trog
Uskayaw
Xom
Yredelemnul
Zin
The Shining One

Annotations:
D:6 2 transporters, Duvessa; StikS32's ghost, novice NaFi


Innate Abilities, Weirdness & Mutations

You cannot wear most types of armour.
You are amphibious.
You can wear up to eight rings at the same time.
Your skin changes colour to match your surroundings (Stealth+).
Your rubbery body absorbs attacks. (AC +1, EV +1)
((You are camouflaged near water. (Stealth+)))
You have tentacles for arms and can constrict up to eight enemies at once.


Message History

Casting: Stone Arrow (dangerous; 10% risk of failure)
Confirm with . or Enter, or press ? or * to list all spells.
Aiming: Stone Arrow (dangerous; 10% risk of failure)
Press: ? - help, Shift-Dir - straight line, f/p - Dowan
Aim: Dowan, wielding a +0 dagger, wearing a +2 robe of willpower and carrying a wand of flame (29) (severely wounded, 56% to hit)
The stone arrow hits Duvessa!
Duvessa is moderately wounded.
Casting: Stone Arrow (dangerous; 10% risk of failure)
Confirm with . or Enter, or press ? or * to list all spells.
Aiming: Stone Arrow (dangerous; 10% risk of failure)
Press: ? - help, Shift-Dir - straight line, f/p - Dowan
Aim: Dowan, wielding a +0 dagger, wearing a +2 robe of willpower and carrying a wand of flame (29) (severely wounded, 56% to hit)
The stone arrow hits Dowan.
You kill Dowan!
You hear a distant scream of rage.
The centaur shoots an arrow.
The arrow hits you!
The shadow imp is distracted by your dazzling golden aura.
The shadow imp shouts!
Duvessa goes berserk!
The shadow imp is no longer distracted by gold.
Duvessa hits you with a +8 short sword! A mysterious force pulls you upwards.
The hatch slams shut behind you.
Level annotation: 2 transporters, StikS32's ghost, novice NaFi You hit Duvessa.
You grab Duvessa.
Duvessa is moderately wounded.
You constrict Duvessa, but do no damage.
Duvessa barely misses you.
Duvessa hits you with a +8 short sword!!
* * * LOW HITPOINT WARNING * * *
Okay, then.
Okay, then.
You whack Duvessa! You squeeze Duvessa!
Duvessa is severely wounded.
You constrict Duvessa. You block Duvessa's attack.
You hit Duvessa. You squeeze Duvessa.
Duvessa is almost dead.
You constrict Duvessa. You block Duvessa's attack.
Duvessa hits you with a +8 short sword!!
You die...
Your body crumbles into a pile of gold.

##......#........#.# #.....
####........#####...# #.....
.....#....#.######.## #.....
######.............# #.....
##...##.#####.# #..... ##.###.#
#.# ##.... #.# #.# ###.# ##.##
#.# #.# #...# #.# #'# #.# #@#.#
#.# #######.###e#.# #.#
###^..^.#.......# ###.##
####.#^..^.#####.#.## #.....
....#.^._..#.###....########.#...
.#..##P....#.'..<........).......
######.....#.###....########.....
# ######### #.#.## #..##. #.....#
#.### #..##.


You could see Duvessa (berserk).

Vanquished Creatures
  A water moccasin (D:5)
  An ice beast (D:5)
  2 sky beasts
  An orc warrior (D:5)
  An ogre (D:6)
  3 necrophages
  The ghost of Avanven the Cudgeller, an amateur VSFi (D:3)
  2 bullfrogs (D:6)
  A water moccasin skeleton (D:5)
  Dowan (D:7)
  3 hounds
  A bullfrog skeleton (D:4)
  6 orc priests
  A centaur skeleton (D:4)
  3 iguanas
  Terence (D:3)
  Natasha (thrice) (D:4)
  8 orc wizards
  10 adders
  2 white imps (D:5)
  2 worms
  A dart slug (D:2)
  21 orcs
  6 bats
  3 endoplasms
  2 giant cockroaches
  2 goblins (D:2)
  11 hobgoblins
  4 jackals (D:3)
  5 kobolds
  5 quokkas
  3 ball pythons
  3 frilled lizards
  7 rats
127 creatures vanquished.

Vanquished Creatures (others)
  2 fungi (D:6)
  7 plants (D:6)
9 creatures vanquished.

Grand Total: 136 creatures vanquished

Notes
Turn   | Place    | Note
-------+----------+-------------------------------------------
     0 | D:1      | Lemonice the Octopode Earth Elementalist began the quest
                  | for the Orb.
     0 | D:1      | Reached XP level 1. HP: 11/11 MP: 3/3
   282 | D:1      | Reached XP level 2. HP: 17/17 MP: 5/5
   392 | D:1      | Found a faded altar of an unknown god.
  1121 | D:2      | Reached XP level 3. HP: 21/21 MP: 6/6
  1527 | D:2      | Reached XP level 4. HP: 27/27 MP: 7/7
  2096 | D:3      | Found a runed translucent gate.
  2098 | D:3      | Found a runed translucent gate.
  2100 | D:3      | Found a runed translucent gate.
  2100 | D:3      | Noticed Avanven's ghost (amateur VSFi)
  2478 | D:3      | Noticed Terence
  2497 | D:3      | Found a sparkling altar of Nemelex Xobeh.
  2499 | D:3      | Found an iron altar of Okawaru.
  2854 | D:2      | Learned a level 3 spell: Stone Arrow
  3183 | D:3      | Reached XP level 5. HP: 22/31 MP: 7/9
  3812 | D:4      | Reached skill level 1 in Shields
  4234 | D:4      | Reached XP level 6. HP: 33/36 MP: 7/10
  4433 | D:4      | Noticed Natasha
  4435 | D:4      | Killed Natasha
  4522 | D:4      | Noticed Natasha
  4537 | D:4      | Killed Natasha
  4601 | D:4      | Reached skill level 5 in Earth Magic
  4601 | D:4      | Reached XP level 7. HP: 33/41 MP: 7/11
  4661 | D:4      | Noticed Natasha
  4663 | D:4      | Killed Natasha
  4678 | D:4      | Reached skill level 5 in Stealth
  4794 | D:4      | Found a blossoming altar of Fedhas.
  5096 | D:5      | Entered Level 5 of the Dungeon
  5569 | D:5      | Found a staircase to the Ecumenical Temple.
  5723 | D:5      | Reached XP level 8. HP: 37/46 MP: 2/13
  5758 | Temple   | Entered the Ecumenical Temple
  5994 | Temple   | Became a worshipper of Gozag Ym Sagoz the Greedy
  6417 | D:5      | Found an ancient bone altar of Kikubaaqudgha.
  6769 | D:5      | Identified the +8 whip "Tattletale" {vorpal, Str+2}
  6776 | D:5      | Found a shimmering altar of Xom.
  7051 | D:3      | Killed Terence
  7150 | D:3      | Killed Avanven's ghost
  7151 | D:3      | Reached skill level 1 in Maces & Flails
  7554 | D:6      | Found a transporter.
  7565 | D:6      | Reached skill level 5 in Shields
  7646 | D:6      | Found a transporter.
  7676 | D:6      | Reached XP level 9. HP: 51/51 MP: 2/15
  7945 | D:6      | Noticed StikS32's ghost (novice NaFi)
  8585 | D:6      | Found a sacrificial altar of Ru.
  8678 | D:7      | Noticed Duvessa
  8688 | D:7      | Noticed Dowan
  8700 | D:7      | Killed Dowan
  8705 | D:6      | Mangled by Duvessa

Illustrated notes

Levels and vault maps discovered:
D:1:      wander_arrival_abandoned_jail, layout_basic,
          ebering_ecumenical_altar_mist, minmay_small_reverse_x
D:2:      layout_rooms, kennysheep_generic_room_6
D:3:      layout_loops_ring, jmf_multi_god_temple, gammafunk_ghost_split,
          uniq_terence
D:4:      layout_loops_ring, mainiacjoe_overflow_24_doors, uniq_natasha
D:5:      layout_gridville, xom_butterflies, mainiacjoe_overflow_paths,
          minmay_temple_entry_junction
D:6:      layout_loops_corners, nicolae_ru_the_path_less_chosen,
          gammafunk_ghost_stat_death
D:7:      layout_cave_pools, kennysheep_generic_room_2, uniq_duvessa
Temple:   nicolae_temple_figure_eight

Skill      XL: |  1  2  3  4  5  6  7  8  9 |
---------------+----------------------------+-----
Stealth        | 3 4 5 6 |  6.8
Earth Magic    | 4 5 6 |  6.9
Shields        | 1 2 3 5 |  5.3
Dodging        | 3 4 |  4.7
Spellcasting   | 3 4 |  4.5
Maces & Flails | 1 2 |  2.6
Conjurations   | |  0.3
Transmutations | |  1.0

Action                   |  1- 3 |  4- 6 |  7- 9 || total
-------------------------+-------+-------+-------++-------
Melee: Unarmed           |    18 |       |       ||    18
       Constrict         |    15 |    28 |    15 ||    58
       Tentacles         |     7 |    24 |    15 ||    46
       Short sword       |    39 |    78 |       ||   117
       Dagger            |       |    62 |    45 ||   107
       Whip              |       |       |    52 ||    52
 Cast: Sandblast         |     5 |    23 |     7 ||    35
       Stone Arrow       |       |       |    42 ||    42
  Use: Potion            |       |       |     5 ||     5
       Scroll            |       |       |     1 ||     1
 Stab: Sleeping          |    12 |    11 |     6 ||    29
Armor: Skin              |     2 |    29 |    17 ||    48
Dodge: Dodged            |    37 |    78 |    43 ||   158
Block: Buckler           |       |    17 |    18 ||    35

Table legend: (Time is in decaauts)
 A = Elapsed time spent in this place.
 B = Non-inter-level travel time spent in this place.
 C = Inter-level travel time spent in this place.
 D = Time resting spent in this place.
 E = Time spent auto-exploring this place.
 F = Levels seen in this place.
 G = Mean time per level.
                   A        B        C        D        E       F      G
               +--------+--------+--------+--------+--------+-----+--------+
         Total |   8731 |   8188 |    543 |      0 |   6511 |   8 | 1091.4 |
       Dungeon |   8279 |   7736 |    543 |      0 |   6113 |   7 | 1182.7 |
        Temple |    452 |    452 |      0 |      0 |    398 |   1 |  452.0 |
               +--------+--------+--------+--------+--------+-----+--------+

Top non-repeatable levels by time:
     D:3: 1782 daAuts
     D:4: 1744 daAuts
     D:5: 1332 daAuts
     D:2: 1188 daAuts
     D:6: 1167 daAuts
     D:1: 1009 daAuts
  Temple: 452 daAuts
     D:7: 53 daAuts
